 Dungeon Crawl Stone Soup version 0.31-a0-1025-g2e47921a08 (webtiles) character file.

Game seed: 4334816772856694753

0 Barriton the Conjurer (level 1, 0/14 HPs)
             Began as a Draconian Conjurer on Nov 17, 2023.
             Slain by a rat (1 damage)
             ... on level 1 of the Dungeon.
             The game lasted 00:00:07 (34 turns).

Barriton the Conjurer (Draconian Conjurer)            Turns: 34, Time: 00:00:09

Health: 0/14       AC:  4    Str:  9    XL:     1   Next: 8%
Magic:  0/3        EV: 12    Int: 18    God:
Gold:   0          SH:  0    Dex:  9    Spells: 3/4 levels left

rFire   . . .        (no weapon)
rCold   . . .        (no shield)
rNeg    . . .        (body armour unavailable)
rPois   .            (helmet restricted)
rElec   .            (no cloak)
rCorr   .            (no gloves)
SInv    .            (no boots)
Will    .....        (no amulet)
Stlth   ++           (no ring)
HPRegen 0.22/turn    (no ring)
MPRegen 0.08/turn

%: no passive effects
@: no status effects
A: AC +4, unfitting armour, cold-blooded
a: no special abilities


You were on level 1 of the Dungeon.
You visited 1 branch of the dungeon, and saw 1 of its levels.

Inventory:

Potions
 a - a potion of magic


   Skills:
 + Level 1.7 Dodging
 + Level 1.7 Stealth
 + Level 2.0 Spellcasting
 + Level 4.0 Conjurations


You had 3 spell levels left.
You knew the following spells:

 Your Spells              Type           Power      Damage    Failure   Level
a - Magic Dart            Conj           64%        1d6       3%          1

Your spell library contained the following spells:

 Spells                   Type           Power      Damage    Failure   Level
 Searing Ray              Conj           32%        2d5       5%          2
 Dazzling Flash           Conj/Hex       18%        N/A       24%         3
 Fulminant Prism          Conj/Hex       4%         3d5       61%         4
 Iskenderun's Mystic Bla  Conj/Tloc      9%         2d4       61%         4


Dungeon Overview and Level Annotations

Branches:
Dungeon (1/15)

Altars:


Innate Abilities, Weirdness & Mutations

Your plain brown scales are hard. (AC +4)
You cannot fit into any form of body armour.
You are cold-blooded and may be slowed by cold attacks.


Message History

The endoplasm is lightly wounded.
The endoplasm freezes you.
You are frozen.
Your magical contamination has completely faded away.
You hit the endoplasm but do no damage.
The endoplasm is lightly wounded.
The endoplasm hits you but does no damage.
You hit the endoplasm but do no damage.
The endoplasm is lightly wounded.
The endoplasm hits you.
You barely miss the endoplasm.
The endoplasm is lightly wounded.
The endoplasm freezes you.
You are frozen.
You hit the endoplasm but do no damage.
The endoplasm is lightly wounded.
The endoplasm hits you but does no damage.
You hit the endoplasm.
The endoplasm is heavily wounded.
The endoplasm freezes you.
You are frozen.
* * * LOW HITPOINT WARNING * * *
You feel yourself slow down.
You hit the endoplasm but do no damage.
You tail-slap the endoplasm, but do no damage.
You punch the endoplasm.
The endoplasm is almost dead.
The endoplasm freezes you.
You are frozen.
* * * LOW HITPOINT WARNING * * *
Casting: Magic Dart (safe; 3% risk of failure)
Confirm with . or Enter, or press ? or * to list all spells.
Aiming: Magic Dart (safe; 3% risk of failure)
Press: ? - help, Shift-Dir - straight line, f - endoplasm
Aim: an endoplasm (almost dead, 100% to hit)
The magic dart hits the endoplasm.
You kill the endoplasm!
You feel yourself speed up. The rat bites you.
You die...

.......
.$.....
.......
##.......
......... #+#
#........
######.#
#........
#......# #r#
##......# #@#
........###.#
............#
#......######
#....>......#
#####.......#
#.......#
#.♣♣....#
#.♣♣....#


You could see a rat.

Vanquished Creatures
  An endoplasm (D:1)
  A kobold (D:1)
2 creatures vanquished.

Notes
Turn   | Place    | Note
-------+----------+-------------------------------------------
     0 | D:1      | Barriton the Draconian Conjurer began the quest for the
                  | Orb.
     0 | D:1      | Reached XP level 1. HP: 14/14 MP: 3/3
    34 | D:1      | Slain by a rat

Illustrated notes

Levels and vault maps discovered:
D:1:      amcnicky_arrival_double_pillar, layout_basic, minmay_misc_feat_five

Action                     || total
---------------------------++-------
  Melee: Unarmed           ||     8
         Tailslap          ||     2
         Punch             ||     1
   Cast: Magic Dart        ||     3
 Armour: Skin              ||     5
  Dodge: Dodged            ||     2

Table legend: (Time is in decaauts)
 A = Elapsed time spent in this place.
 B = Non-inter-level travel time spent in this place.
 C = Inter-level travel time spent in this place.
 D = Time resting spent in this place.
 E = Time spent auto-exploring this place.
 F = Levels seen in this place.
 G = Mean time per level.
                   A        B        C        D        E       F      G
               +--------+--------+--------+--------+--------+-----+--------+
         Total |     34 |     34 |      0 |      0 |     18 |   1 |   34.0 |
       Dungeon |     34 |     34 |      0 |      0 |     18 |   1 |   34.0 |
               +--------+--------+--------+--------+--------+-----+--------+

Top non-repeatable levels by time:
     D:1: 34 daAuts
